AoeStats
← Loki_GT

Lombardia

509818287Analyzed
4v4 RM · 3d ago on Sep 28, 2026· 49m 24s· 8 players
Game mode
Random Map
Map size
Large (8 player)
Population
200
Speed
Normal
Resources
Standard
Victory
Conquest
Starting age
Dark Age
Ending age
Imperial Age
RankedLock teamsTeams togetherTeam positionsShared explorationLock speedFull tech treeHidden civsTurbo modeCheats
Victory
Defeat
🇨🇱 Varangians · Chile
1577
+6
🇹🇼 Celts · Taiwan
1331
+15
🇨🇱 Persians · Chile
1276
+17
🇨🇦 Goths · Canada
1263
+18
🇺🇸 Mapuche · United States
1429
-19
1349
-15
🇨🇳 Bohemians · China
1271
-12
🇦🇷 Italians · Argentina
1220
-10
AiM | PoRRo
8:04 Loom
10:01 Feudal Age
10:45 Double-Bit Axe
13:30 Bloodlines
15:28 Forging
21:34 Castle Age
21:59 Horse Collar
26:48 Wheelbarrow
27:51 Bow Saw
28:57 Heavy Plow
29:25 Caravan
31:13 Hand Cart
35:09 Imperial Age
32:52 Scale Mail Armor
34:00 Chain Mail Armor
35:06 Iron Casting
34:34 Squires
34:20 Arson
35:30 Fletching
35:15 Vendel Legacy
35:18 Elite Varangian Guard
35:26 Capped Ram
36:10 Town Watch
36:22 Gambesons
37:39 Conscription
37:57 Ballistics
38:38 Chemistry
38:34 Plate Mail Armor
37:40 Gothikon
40:03 Blast Furnace
38:58 Heavy Scorpion
42:00 Bodkin Arrow
42:17 Siege Ram
AiM | Pau
10:05 Feudal Age
11:22 Loom
15:23 Castle Age
14:34 Double-Bit Axe
14:39 Horse Collar
16:10 Bow Saw
24:09 Scale Mail Armor
24:19 Forging
25:30 Loom
25:33 Town Watch
27:02 Wheelbarrow
30:34 Bloodlines
30:25 Husbandry
33:44 Imperial Age
31:29 Hand Cart
31:49 Scale Barding Armor
32:20 Iron Casting
32:01 Chain Mail Armor
31:43 Fletching
33:04 Gold Mining
33:06 Stone Mining
33:41 Cavalier
36:10 Town Patrol
37:00 Savar
38:49 Chain Barding Armor
39:39 Blast Furnace
44:10 Plate Barding Armor
45:16 Bodkin Arrow
Loki_GT
0:27 Loom
13:03 Feudal Age
16:49 Castle Age
15:03 Double-Bit Axe
15:21 Horse Collar
23:07 Bow Saw
24:13 Wheelbarrow
23:49 Pikeman
24:33 Stone Mining
24:36 Gold Mining
24:57 Scale Mail Armor
27:10 Hand Cart
29:09 Squires
29:56 Man-at-Arms
30:53 Chain Mail Armor
30:48 Forging
30:42 Heavy Plow
33:33 Imperial Age
33:20 Iron Casting
32:47 Anarchy
32:08 Long Swordsman
35:24 Two-Man Saw
33:45 Elite Huskarl
34:46 Conscription
33:49 Two-Handed Swordsman
33:51 Halberdier
35:33 Blast Furnace
34:29 Champion
36:39 Perfusion
42:22 Capped Ram
45:52 Caravan
鐵之貝克
1:56 Loom
10:32 Feudal Age
20:19 Castle Age
19:15 Double-Bit Axe
21:32 Bow Saw
21:28 Pikeman
30:13 Caravan
29:55 Horse Collar
32:12 Wheelbarrow
36:12 Imperial Age
34:28 Ballistics
34:34 Hand Cart
35:00 Gold Mining
35:02 Stone Mining
35:26 Forging
35:51 Heavy Plow
36:21 Onager
37:28 Siege Engineers
37:33 Heavy Scorpion
38:13 Capped Ram
38:18 Halberdier
42:52 Chemistry
42:03 Masonry
42:09 Furor Celtica
42:19 Conscription
41:38 Siege Ram
47:19 Light Cavalry
48:00 Husbandry
48:07 Scale Barding Armor
48:38 Iron Casting
48:12 Hussar
busy pushing deer
6:53 Loom
10:34 Feudal Age
11:34 Double-Bit Axe
11:29 Horse Collar
11:41 Gold Mining
11:42 Stone Mining
21:43 Castle Age
22:49 Caravan
23:03 Bow Saw
24:42 Wheelbarrow
23:52 Town Watch
25:09 Heavy Plow
29:07 Treadmill Crane
29:57 Fletching
30:55 Hand Cart
33:17 Imperial Age
32:33 Gold Shaft Mining
33:11 Ballistics
33:29 Stone Shaft Mining
35:21 Chemistry
34:19 Bodkin Arrow
35:39 Padded Archer Armor
35:47 Elite Bolas Rider
37:52 Bombard Tower
38:13 Malon
38:34 Conscription
38:32 Town Patrol
40:23 Butalmapu
45:43 Coinage
45:54 Elite Kona
46:48 Forging
46:55 Leather Archer Armor
46:40 Scale Mail Armor
49:29 Iron Casting
diavolomagro
10:08 Feudal Age
14:11 Castle Age
13:26 Stone Mining
14:48 Double-Bit Axe
20:56 Fletching
24:57 Bodkin Arrow
26:26 Horse Collar
26:34 Loom
28:35 Padded Archer Armor
30:02 Wheelbarrow
34:09 Imperial Age
32:27 Ballistics
33:17 Gold Mining
33:38 Bow Saw
33:29 Heavy Plow
34:06 Stone Shaft Mining
33:48 Leather Archer Armor
34:17 Elite Genoese Crossbowman
35:59 Chemistry
35:11 Masonry
36:03 Conscription
36:15 Bracer
40:29 Hand Cart
44:09 Ring Archer Armor
44:00 Scale Mail Armor
44:57 Light Cavalry
Hbx_蒙古国海军司令
10:50 Feudal Age
11:53 Double-Bit Axe
13:10 Bloodlines
14:33 Horse Collar
18:27 Castle Age
21:23 Wheelbarrow
21:00 Bow Saw
20:53 Heavy Plow
22:33 Gold Mining
22:32 Loom
24:37 Stone Mining
25:13 Hand Cart
27:50 Stone Shaft Mining
30:33 Treadmill Crane
33:44 Imperial Age
32:07 Scale Barding Armor
32:13 Forging
33:28 Chain Barding Armor
33:13 Husbandry
35:08 Iron Casting
33:58 Cavalier
35:00 Conscription
34:02 Gothikon
34:05 Vendel Legacy
36:15 Crop Rotation
36:50 Two-Man Saw
36:16 Ballistics
36:04 Siege Engineers
36:10 Masonry
36:13 Fortified Wall
35:59 Murder Holes
35:36 Gothikon
40:08 Plate Barding Armor
40:33 Blast Furnace
39:27 Light Cavalry
40:58 Hussar
47:10 Caravan
刀他(她)
10:53 Feudal Age
19:32 Castle Age
17:28 Double-Bit Axe
17:24 Horse Collar
20:54 Wheelbarrow
21:07 Bow Saw
32:55 Imperial Age
30:42 Hand Cart
30:46 Heavy Plow
32:06 Chemistry
33:11 Forging
33:02 Scale Mail Armor
33:02 Pikeman
33:27 Arson
33:42 Squires
34:01 Halberdier
35:11 Fortified Wall
35:31 Houfnice
36:35 Ballistics
36:26 Masonry
36:17 Loom
36:17 Town Watch
36:30 Murder Holes
36:57 Chain Mail Armor
37:18 Iron Casting
37:09 Conscription
38:09 Caravan
40:57 Architecture
41:15 Bombard Tower
41:26 Town Patrol
42:27 Fletching
43:37 Blast Furnace
43:08 Plate Mail Armor
Connection lost

Rejoining the realm…

Still unreachable

The connection could not be restored.

Session expired

The server has moved on; the page needs a fresh start.